 Dungeon Crawl Stone Soup version 0.30-a0-1160-g6e42c06551 (webtiles) character file.

Game seed: 8470175997372254361

104 Sobieck the Cutter (level 4, 0/23 HPs)
             Began as a Vine Stalker Fighter on Apr 25, 2023.
             Was an Initiate of Wu Jian.
             Slain by a hornet (9 damage)
             ... while paralysed by a hornet
             ... on level 4 of the Dungeon.
             The game lasted 00:06:29 (2597 turns).

Sobieck the Cutter (Vine Stalker Fighter)           Turns: 2597, Time: 00:06:29

Health: 0/23       AC:  9    Str: 19    XL:     4   Next: 80%
Magic:  0/5        EV:  2    Int:  8    God:    Wu Jian [......]
Gold:   108        SH:  0    Dex: 15    Spells: 3/3 levels left

rFire   . . .        a - +1 short sword (speed) {short}
rCold   . . .        c - +0 buckler
rNeg    . . .        b - +0 scale mail
rPois   .            d - +0 helmet
rElec   .            (no cloak)
rCorr   +            g - +0 pair of gloves {Stlth+}
SInv    .            h - +0 pair of boots
Will    .....        (no amulet)
Stlth   +            r - ring of resist corrosion
HPRegen 1.03/turn    (no ring)
MPRegen 0.09/turn

%: guardian spirit
@: paralysed, lethally poisoned (0 -> -2)
A: fangs 2, regeneration 1, magic shield, antimagic bite, no potion heal 2
a: Renounce Religion


You were on level 4 of the Dungeon.
You worshipped Wu Jian.
Wu Jian was noncommittal.
You visited 1 branch of the dungeon, and saw 4 of its levels.

You collected 108 gold pieces.


Innate Abilities, Weirdness & Mutations

You have extremely sharp teeth.
Your natural rate of healing is unusually fast.
When hurt, damage is shared between your health and your magic reserves.
Your bite disrupts and absorbs the magic of your enemies.
Potions cannot restore your health.


   Skills:
 - Level 2.6 Fighting
 + Level 4.4 Short Blades
 - Level 2.4 Armour
 - Level 2.6 Shields


You had 3 spell levels left.
You didn't know any spells.
Your spell library contained the following spells:

 Spells                   Type           Power      Damage    Failure   Level
 Poisonous Vapours        Pois/Air       0%         N/A       94%         2
 Mephitic Cloud           Conj/Pois/Air  0%         N/A       99%         3
 Ozocubu's Armour         Ice            0%         N/A       99%         3
 Freezing Cloud           Conj/Ice/Air   0%         6-21      100%        5
 Metabolic Englaciation   Hex/Ice        0%         N/A       100%        5
 Simulacrum               Ice/Necr       0%         N/A       100%        6

Inventory:

Hand Weapons
 a - a +1 short sword of speed (weapon) {short}
   (You took it off a kobold on level 1 of the Dungeon)
 m - a +0 rapier {short}
Missiles
 n - 13 stones (quivered) {throwing}
 D - 4 poisoned darts {throwing}
Armour
 b - a +0 scale mail (worn)
 c - a +0 buckler (worn)
 d - a +0 helmet (worn)
   (You took it off Robin on level 2 of the Dungeon)
 g - a +0 pair of gloves of stealth (worn)
   (You found it on level 1 of the Dungeon)
 h - a +0 pair of boots (worn)
   (You found it on level 1 of the Dungeon)
 i - a +0 leather armour
   (You found it on level 1 of the Dungeon)
 j - a +0 leather armour
   (You found it on level 1 of the Dungeon)
 o - a +0 animal skin
   (You took it off Robin on level 2 of the Dungeon)
 q - the +0 robe of Shadows and Fog {rElec}
   (You found it on level 2 of the Dungeon)

   rElec:     It insulates you from electricity.
 u - a +0 leather armour
   (You found it on level 2 of the Dungeon)
 w - a +0 robe
   (You found it on level 3 of the Dungeon)
 y - a +0 robe
   (You found it on level 3 of the Dungeon)
 z - a +0 robe
   (You found it on level 3 of the Dungeon)
 B - a +0 scale mail
   (You took it off a kobold on level 3 of the Dungeon)
 C - a +0 leather armour
   (You found it on level 3 of the Dungeon)
Jewellery
 r - a ring of resist corrosion (left hand)
   (You found it on level 3 of the Dungeon)
 v - an amulet of faith {!P}
   (You found it on level 2 of the Dungeon)
Wands
 p - a wand of light (4)
   (You took it off Robin on level 2 of the Dungeon)
 A - a wand of iceblast (2)
   (You found it on level 3 of the Dungeon)
Scrolls
 k - 2 scrolls of identify {unknown}
 s - a scroll of blinking {unknown}
 t - a scroll of poison {unknown}
Potions
 e - a potion of resistance {unknown}
 f - a potion of flight {unknown}
 l - a potion of cancellation {unknown}
 x - a potion of lignification {unknown}

Dungeon Overview and Level Annotations

Branches:
Dungeon (4/15) Zot: 21452
 Temple: D:4-7

Altars:
Vehumet
Wu Jian

Annotations:
D:2 Sigmund

#......#.....#
#......#.....####
#......#.#<.....+ .
#......#.#..#####...
#......#.#..#....###
###.................
######.##...#..#......#
#.........#.#..#..☼...#
#.####@...#.#....○°°.##
#....y#...#.##.#..°°☼.#
##....#........#...☼...
#.....#.#......#..☼....
#.....#+#..............
#.#...........
#.#......##...
#....#...# ... .....
..#..


You could see a hornet.


Message History

The ball python bites you but does no damage.
The ball python closely misses you.
You barely miss the ball python. You barely miss the ball python.
You bite the ball python.
You kill the ball python!
The Council accepts your kill.
No target in view!
No target in view!
A ball python comes into view.
Danger!
The ball python hisses angrily.
You closely miss the ball python. Your bite misses the ball python.
You closely miss the ball python. The ball python barely misses you.
You block the ball python's attack.
You completely miss the ball python.
You bite the ball python, but do no damage.
You block the ball python's attack. The ball python grabs you.
The ball python constricts you.
You closely miss the ball python. Your bite misses the ball python.
You hit the ball python.
You kill the ball python!
The Council accepts your kill.
No target in view!
Your movement speed is average.
Your attack delay is about 0.5.
Your damage rating with your +1 short sword of speed {short} is about 7 (Base 5 x 112% (Dex) x 112% (Skill) + 1 (Ench)).
Unknown command.
Unknown command.
Found a stone staircase leading down.
Unknown command.
Found a stone staircase leading down.
Unknown command.
C - a +0 leather armour A kobold comes into view.
It is wielding a +0 dagger and quivering poisoned darts.
The kobold shouts!
The kobold throws a poisoned dart.
You block the poisoned dart.
Danger!
Unknown command.
The kobold throws a poisoned dart.
The poisoned dart closely misses you.
The kobold throws a poisoned dart.
The poisoned dart barely misses you.
You closely miss the kobold. Your bite misses the kobold.
You barely miss the kobold. You block the kobold's attack.
You hit the kobold but do no damage. You bite the kobold.
You kill the kobold!
The Council accepts your kill.
D - 4 poisoned darts {throwing} You see here a +0 dagger {short}.
There is an open door here.
You open the door.
There is an open door here.
Done exploring.
Done exploring.
Unknown command.
Unknown command.
Done exploring.
Unknown command.
Unknown command.
Done exploring.
Unknown command.
(D) Dungeon
Where to? (Enter - D:3, ? - help)
There is a stone staircase leading up here.
There is a stone staircase leading down here.
You climb downwards.
There is a stone staircase leading up here.
Unknown command.
Found a stone staircase leading down.
Unknown command.
There is a stone staircase leading down here.
A hornet comes into view.
Danger!
Unknown command.
There is a stone staircase leading down here.
Unknown command.
The hornet buzzes angrily.
Danger!
The hornet attacks as you move away! The hornet completely misses you.
You block the hornet's attack.
There is a stone staircase leading down here.
Unknown command.
You barely miss the hornet. You bite the hornet, but do no damage.
The hornet stings you.
You feel yourself slow down.
You barely miss the hornet.
The hornet stings you but does no damage.
Unknown command.
You hit the hornet but do no damage. Your bite misses the hornet.
The hornet stings you!
You are poisoned.
You suddenly lose the ability to move!
You feel yourself speed up.
You feel very sick. The hornet stings you.
* * * LOW HITPOINT WARNING * * *
You feel yourself slow down.
You feel yourself speed up.
You feel very sick.
The hornet stings you but does no damage.
The hornet stings you!
You die...

Skill      XL: |  1  2  3  4 |
---------------+-------------+-----
Short Blades   | 2 3 4 |  4.4
Fighting       | |  2.6
Armour         | |  2.4
Shields        | |  2.6

Action                     |  1- 3 |  4- 6 || total
---------------------------+-------+-------++-------
  Melee: Rapier            |    43 |       ||    43
         Bite              |    31 |    17 ||    48
         Short sword       |    80 |    73 ||   153
Ability: Lunge             |     2 |     6 ||     8
    Use: Potion            |     1 |       ||     1
 Armour: Scale mail        |    45 |    16 ||    61
  Dodge: Dodged            |    58 |    23 ||    81
  Block: Buckler           |    30 |    11 ||    41

Levels and vault maps discovered:
D:1:      dpeg_arrival_concentric_ovals, layout_loops_ring, serial_glass,
          glass_columns_b, glass_columns_a, item_on_display_a
D:2:      minmay_angry_zag, layout_rooms, basic_altar, uniq_robin, uniq_sigmund
D:3:      layout_loops_corners, kennysheep_another_room,
          chequers_serial_rivers_micro_d
D:4:      layout_basic, good_gods_mini_temple, fiery_altar_vehumet,
          lemuel_coloured_pillars_altar, nicolae_sif_muna_condensation,
          minivault_27

Notes
Turn   | Place    | Note
-------+----------+-------------------------------------------
     0 | D:1      | Sobieck the Vine Stalker Fighter began the quest for the
                  | Orb.
     0 | D:1      | Reached XP level 1. HP: 11/11 MP: 2/2
   122 | D:1      | Reached skill level 2 in Short Blades
   328 | D:1      | Reached XP level 2. HP: 16/16 MP: 3/3
   638 | D:1      | Reached skill level 3 in Short Blades
   718 | D:2      | Noticed Robin
   730 | D:2      | Reached XP level 3. HP: 19/19 MP: 4/4
   751 | D:2      | HP: 3/19 [goblin/+0 club[Robin] (3)]
   761 | D:1      | HP: 3/19 [hobgoblin[Robin] (1)]
   879 | D:2      | HP: 2/19 [Robin/bolt of light (10)]
   881 | D:2      | Killed Robin
   963 | D:2      | Noticed Sigmund
  1000 | D:2      | Found an ornate altar of the Wu Jian Council.
  1008 | D:2      | Became a worshipper of the Wu Jian Council
  1016 | D:2      | Identified the +0 robe of Shadows and Fog {rElec}
  1079 | D:2      | You fall into a shaft and drop 2 floors!
  1085 | D:4      | Found a radiant altar of Vehumet.
  1204 | D:2      | Gained mutation: Your natural rate of healing is unusually
                  | fast. [Vine Stalker growth]
  1204 | D:2      | Reached XP level 4. HP: 21/23 MP: 3/5
  1259 | D:2      | You pick up a book of Vapours and begin reading...
  1259 | D:2      | You add the spells Poisonous Vapours, Mephitic Cloud and
                  | Freezing Cloud to your library.
  1526 | D:2      | Reached skill level 4 in Short Blades
  2098 | D:3      | You pick up a book of Winter and begin reading...
  2098 | D:3      | You add the spells Ozocubu's Armour, Metabolic Englaciation
                  | and Simulacrum to your library.
  2583 | D:4      | Noticed a hornet
  2595 | D:4      | Paralysed by a hornet for 3 turns
  2597 | D:4      | Slain by a hornet

Vanquished Creatures
  Robin (D:2)
  3 adders
  A worm (D:2)
  2 dart slugs (D:1)
  2 endoplasms
  A giant cockroach (D:2)
  14 goblins
  7 hobgoblins
  4 kobolds
  A quokka (D:3)
  9 ball pythons
  7 bats
  A frilled lizard (D:1)
  7 rats
60 creatures vanquished.

Table legend:
 A = Non-vault XP
 B = Vault XP
 C = Vault XP percentage of total XP
 D = Non-vault monster count
 E = Vault monster count
 F = Vault count percentage of total count
                 A         B        C        D         E       F
            +---------+---------+-------+---------+---------+-------
      Total |     108 |      41 |  27.5 |      44 |      16 |  26.7
            +---------+---------+-------+---------+---------+-------
        D:1 |      34 |       7 |  17.1 |      19 |       4 |  17.4
        D:2 |      26 |      34 |  56.7 |       7 |      12 |  63.2
        D:3 |      48 |       0 |   0.0 |      18 |       0 |   0.0
            +---------+---------+-------+---------+---------+-------

Skill      XL: |  1  2  3  4 |
---------------+-------------+-----
Short Blades   | 2 3 4 |  4.4
Fighting       | |  2.6
Armour         | |  2.4
Shields        | |  2.6

Action                     |  1- 3 |  4- 6 || total
---------------------------+-------+-------++-------
  Melee: Rapier            |    43 |       ||    43
         Bite              |    31 |    17 ||    48
         Short sword       |    80 |    73 ||   153
Ability: Lunge             |     2 |     6 ||     8
    Use: Potion            |     1 |       ||     1
 Armour: Scale mail        |    45 |    16 ||    61
  Dodge: Dodged            |    58 |    23 ||    81
  Block: Buckler           |    30 |    11 ||    41

Illustrated notes

Table legend:
 A = Kills in this place as a percentage of kills in the entire game.
 B = Kills by you in this place as a percentage of kills by you in the entire game.
 C = Kills by friends in this place as a percentage of kills by friends in the entire game.
 D = Other kills in this place as a percentage of other kills in the entire game.
 E = Experience gained in this place as a percentage of experience gained in the entire game.
 F = Experience gained in this place divided by the number of levels of this place that you have seen.
                   A       B       C       D       E      F
               +-------+-------+-------+-------+-------+----------------------
         Total | 100.0 | 100.0 |   N/A |   N/A | 100.0 |  37.2
       Dungeon | 100.0 | 100.0 |   N/A |   N/A | 100.0 |  37.2
               +-------+-------+-------+-------+-------+----------------------

Table legend: (Time is in decaauts)
 A = Elapsed time spent in this place.
 B = Non-inter-level travel time spent in this place.
 C = Inter-level travel time spent in this place.
 D = Time resting spent in this place.
 E = Time spent auto-exploring this place.
 F = Levels seen in this place.
 G = Mean time per level.
                   A        B        C        D        E       F      G
               +--------+--------+--------+--------+--------+-----+--------+
         Total |   2546 |   2435 |    111 |     81 |   1966 |   4 |  636.5 |
       Dungeon |   2546 |   2435 |    111 |     81 |   1966 |   4 |  636.5 |
               +--------+--------+--------+--------+--------+-----+--------+

Top non-repeatable levels by time:
     D:3: 921 daAuts
     D:1: 796 daAuts
     D:2: 790 daAuts
     D:4: 37 daAuts
